 Dungeon Crawl Stone Soup version 0.18.1-5-g4a78601 (webtiles) character file.

65645 simples the Phalangite (level 15, -2/124 HPs)
             Began as a Merfolk Berserker on May 9, 2016.
             Was a High Priest of Trog.
             Splashed by an acid blob's acid (18 damage)
             ... on level 7 of the Lair of Beasts.
             The game lasted 00:50:45 (29384 turns).

simples the Phalangite (Merfolk Berserker)         Turns: 29384, Time: 00:50:46

Health: -2/124     AC: -7    Str: 23    XL:     15   Next: 17%
Magic:  0/15       EV: 21    Int:  6    God:    Trog [*****.]
Gold:   1957       SH:  0    Dex: 18    Spells: 0 memorised, 14 levels left

rFire  + . .     SeeInvis .     D - +1 trident (flame)
rCold  . . .     Gourm    .     I - +1 scale mail "Suq Zam" {-Cast *Confuse +Inv rElec}
rNeg   . . .     Faith    .     (no shield)
rPois  .         Spirit   +     W - +1 helmet
rElec  +         Dismiss  .     U - +2 cloak
rCorr  .         Reflect  .     (no gloves)
SustAt +         Harm     .     i - +0 pair of boots
MR     +++..     NoCast   +     d - amulet of guardian spirit
Stlth  ..........               A - ring "Okutaqam" {SustAt rElec Dex+3}
                                E - ring of protection from fire

@: exhausted, corroded, regenerating, slowed, very slow, extremely resistant to
hostile enchantments, extremely unstealthy
A: change form in water, swift swim
a: Berserk, Trog's Hand, Brothers in Arms, Burn Spellbooks, Renounce Religion,
Evoke Invisibility


You were on level 7 of the Lair of Beasts.
You worshipped Trog.
Trog was extremely pleased with you.
You were near starving.

You visited 2 branches of the dungeon, and saw 19 of its levels.
You also visited: Volcano.

You collected 1957 gold pieces.

Inventory:

Hand Weapons
 g - a +4 glaive of flaming
 k - the +1 bardiche of Trog's Supremacy {elec, rF++}
   (Trog gifted it to you on level 5 of the Lair of Beasts)

   Occasionally, upon striking a foe, it will discharge some electrical energy
   and cause terrible harm.
   It greatly protects you from fire.
 D - a +1 trident of flaming (weapon)
Armour
 b - the +1 scale mail of the Lute {*Drain rElec rC+ Int+6}
   (You found it on level 3 of the Lair of Beasts)

   It affects your intelligence (+6).
   It protects you from cold.
   It insulates you from electricity.
   It causes draining when unequipped.
 i - a +0 pair of boots (worn)
 I - the +1 scale mail "Suq Zam" (worn) {-Cast *Confuse +Inv rElec}
   (You found it on level 8 of the Lair of Beasts)

   It insulates you from electricity.
   It lets you turn invisible.
   It prevents spellcasting.
   It may confuse you when you take damage.
 U - a +2 cloak (worn)
 W - a +1 helmet (worn)
Jewellery
 d - an amulet of guardian spirit (around neck)
 p - an uncursed ring of flight
 q - an uncursed ring of poison resistance
 y - an uncursed ring of protection from fire
 A - the ring "Okutaqam" (right hand) {SustAt rElec Dex+3}
   (You found it on level 9 of the Dungeon)

   [ring of sustain attributes]

   It sustains your strength, intelligence and dexterity.
   It affects your dexterity (+3).
   It insulates you from electricity.
 E - a ring of protection from fire (left hand)
Wands
 O - a wand of teleportation (8/9)
Scrolls
 a - a scroll of identify
 j - 3 scrolls of enchant armour
 n - 3 scrolls of magic mapping
 o - a scroll of blinking
 s - 8 scrolls of remove curse
 t - a scroll of fog
 x - 5 scrolls of teleportation
 G - 4 scrolls of recharging
 H - 4 scrolls of immolation
 N - 3 scrolls of enchant weapon
 Q - a scroll of vulnerability
 R - 2 scrolls of amnesia
 Z - a scroll of fear
Potions
 e - a potion of heal wounds
 h - 5 potions of haste
 l - 6 potions of agility {unknown}
 m - 3 potions of berserk rage {unknown}
 r - 2 potions of cancellation
 v - a potion of lignification {unknown}
 z - 6 potions of curing {unknown}
 F - 5 potions of flight {unknown}
 J - a potion of ambrosia {unknown}
 K - 3 potions of degeneration {unknown}
 M - 4 potions of resistance {unknown}
 P - 4 potions of might {unknown}
 S - 2 potions of brilliance {unknown}
 T - 2 potions of cure mutation {unknown}
 X - a potion of magic {unknown}
Books
 B - a book of Fire

   Spells                             Type                      Level
   a - Ignite Poison                  Fire/Transmutation/Poison    3
   b - Fireball                       Conjuration/Fire             5
   c - Bolt of Fire                   Conjuration/Fire             6
   d - Delayed Fireball               Conjuration/Fire             7
   e - Ring of Flames                 Charms/Fire                  7
   Trog disapproves of the use of such an item.
 L - a Young Poisoner's Handbook

   Spells                             Type                      Level
   a - Sting                          Conjuration/Poison           1
   b - Cure Poison                    Poison                       2
   c - Mephitic Cloud                 Conjuration/Poison/Air       3
   d - Olgreb's Toxic Radiance        Poison                       4
   e - Venom Bolt                     Conjuration/Poison           5
   Trog disapproves of the use of such an item.
Comestibles
 c - 15 bread rations
 f - a royal jelly
 u - 7 meat rations
 w - 35 fruits
 C - a beef jerky
 Y - 10 slices of pizza


   Skills:
 + Level 13.2 Fighting
 * Level 21.2 Polearms
 + Level 9.7 Armour
 + Level 15.3 Dodging


You had 14 spell levels left.
You didn't know any spells.

Dungeon Overview and Level Annotations

Branches:
Dungeon (11/15)            Temple (0/1) D:7            Lair (8/8) D:9
 Shoals (0/4) Lair:4       Spider (0/4) Lair:4        Slime (0/6) Lair:7
    Orc (0/2) D:9

Altars:
Ashenzari
Elyvilon
Fedhas
Gozag
Kikubaaqudgha
Makhleb
Okawaru
Pakellas
Qazlal
Ru
Sif Muna
Trog
Vehumet
Xom
Yredelemnul
Jiyva

Shops:
D:10 }

Portals:
Trove: D:11 (give 4 potions of cure mutation)


Message History

The slime creature misses you.
Drink which item? (? for menu, Esc to quit)
You feel much better. The acid blob spits acid at you.
The splash of acid hits you!
* * * LOW HITPOINT WARNING * * *
The acid corrodes you!
The acid burns!
* * * LOW HITPOINT WARNING * * *
The slime creature barely misses you. The acid blob hits you.
* * * LOW HITPOINT WARNING * * *
You are splashed with acid!
The acid burns!
* * * LOW HITPOINT WARNING * * *
Drink which item? (? for menu, Esc to quit)
You feel much better. The acid blob misses you.
The slime creature completely misses you.
The acid blob spits acid at you. The splash of acid hits you!
* * * LOW HITPOINT WARNING * * *
The acid burns!
You die...

######..P#......##
##.#...#..P....# #
#.#...##..##..##
####......^.....#
................##
PP#.............P##
..................##
....#.#P..#####..#.#
######....#...#J@###
# ###.#..#>._'J..#
####P######...#..##
.)...P#.P.#####..#
P...........P...####
.......#.........#.#
.P...######..#.P..##
.....#####....#...#
....b.#.###..##...#


You could see an acid blob and a slime creature.

Vanquished Creatures
  2 acid blobs (Lair:7)
  Erolcha (D:11)
  An ice dragon (Lair:8)
  3 hydras
  A centaur warrior (Volcano)
  8 death yaks
  An unseen horror (D:11)
  A hill giant (D:10)
  Pikel (D:5)
  3 lindwurms (Lair:8)
  A griffon (Lair:7)
  A manticore (D:11)
  A wolf spider (Lair:4)
  6 statues (Volcano)
  2 cyclopes (D:11)
  15 elephants
  7 torpor snails
  3 black mambas
  2 gargoyles
  14 spiny frogs
  4 rime drakes
  10 komodo dragons
  2 trolls
  2 polar bears (Lair:7)
  2 giant leeches (Lair:8)
  11 blink frogs
  3 boulder beetles (Lair:8)
  Sigmund (D:6)
  3 wyverns
  2 redbacks (Lair:4)
  37 yaks
  A human (D:9)
  3 basilisks
  A vampire (D:11)
  5 fire bats (Volcano)
  3 steam dragons
  A hungry ghost (D:9)
  10 hippogriffs
  17 water moccasins
  19 porcupines
  Duvessa (D:5)
  5 orc warriors
  3 ice beasts
  4 sky beasts
  3 black bears
  5 wasps
  2 necrophages
  A phantom (D:5)
  5 ogres
  14 wolves
  9 centaurs
  13 crocodiles
  4 big kobolds
  15 giant frogs
  Blork the orc (D:4)
  A gnoll sergeant (D:6)
  A scorpion (D:8)
  Dowan (D:5)
  5 wights (D:11)
  A howler monkey (D:8)
  11 lava snakes (Volcano)
  3 centaur zombies
  5 crimson imps
  A quasit (D:11)
  2 giant frog zombies
  2 giant frog skeletons
  A centaur skeleton (D:9)
  6 hounds
  2 jellies
  7 orc priests
  22 orc wizards
  17 iguanas
  8 worker ants
  8 hell rats
  31 sheep
  2 hound skeletons
  11 adders
  6 gnolls
  43 river rats
  2 shadow imps (D:5)
  An ooze (D:4)
  An adder zombie (D:7)
  3 adder skeletons (D:8)
  17 worms
  2 dart slugs (D:1)
  4 giant geckos
  55 orcs
  5 ball pythons
  8 giant cockroaches
  8 goblins
  6 hobgoblins
  2 jackals (D:10)
  6 quokkas
  6 bats
  7 giant newts
  A jackal skeleton (D:5)
  27 kobolds
  A quokka skeleton (D:8)
  A quokka zombie (D:4)
  12 rats
  2 plants (Lair:8)
670 creatures vanquished.

Vanquished Creatures (collateral kills)
  A hydra (Lair:7)
  A death yak (Lair:2)
  A lindwurm (Lair:8)
  An elephant (Lair:7)
  A spiny frog (Lair:4)
  A torpor snail (Lair:8)
  3 giant leeches (Lair:8)
  A vampire (D:10)
  2 yaks (Lair:2)
  2 orc warriors (D:8)
  A crocodile (Lair:8)
  3 sheep (Lair:4)
  4 worms (Lair:8)
22 creatures vanquished.

Vanquished Creatures (others)
  A slave (D:5)
  A crimson imp (D:5)
  2 orc wizards (D:5)
  A worker ant (D:5)
  A sheep (Lair:8)
  4 orcs (D:5)
  A kobold (D:11)
  15 fungi
  18 plants
44 creatures vanquished.

Grand Total: 736 creatures vanquished

Notes
Turn   | Place    | Note
--------------------------------------------------------------
     0 | D:1      | simples the Merfolk Berserker began the quest for the Orb.
     0 | D:1      | Reached XP level 1. HP: 18/18 MP: 1/1
   184 | D:1      | Reached XP level 2. HP: 14/24 MP: 2/2
   390 | D:1      | Reached skill level 5 in Polearms
   897 | D:1      | Reached XP level 3. HP: 26/29 MP: 3/3
  1413 | D:2      | Reached ** piety under Trog
  1859 | D:2      | Reached XP level 4. HP: 37/37 MP: 4/4
  2578 | D:3      | Found an iron altar of Okawaru.
  2580 | D:3      | Found a sacrificial altar of Ru.
  2585 | D:3      | Found a blossoming altar of Fedhas.
  2992 | D:3      | Reached *** piety under Trog
  2992 | D:3      | Reached XP level 5. HP: 42/42 MP: 3/5
  3130 | D:4      | Noticed an ice beast
  3145 | D:4      | Killed an ice beast
  3145 | D:4      | Reached skill level 6 in Polearms
  3196 | D:4      | Reached XP level 6. HP: 40/48 MP: 4/6
  3262 | D:4      | Found an oddly glowing altar of Pakellas.
  3389 | D:4      | Noticed Blork the orc
  3395 | D:4      | Reached skill level 7 in Polearms
  3401 | D:4      | Killed Blork the orc
  3481 | D:4      | Reached XP level 7. HP: 55/55 MP: 7/7
  3667 | D:4      | You fall through a shaft!
  3667 | D:5      | Entered Level 5 of the Dungeon
  3667 | D:5      | Noticed Pikel
  3679 | D:5      | Killed Pikel
  3679 | D:5      | Reached skill level 5 in Fighting
  3679 | D:5      | Reached skill level 9 in Polearms
  3679 | D:5      | Reached skill level 5 in Dodging
  3679 | D:5      | Reached XP level 8. HP: 39/62 MP: 4/8
  4942 | D:5      | Noticed Dowan
  4967 | D:5      | Noticed Duvessa
  4976 | D:5      | Killed Dowan
  4977 | D:5      | Killed Duvessa
  4977 | D:5      | Reached skill level 10 in Polearms
  5099 | D:5      | Found a deep blue altar of Sif Muna.
  5146 | D:5      | Found a bloodstained altar of Trog.
  5146 | D:5      | Found a shattered altar of Ashenzari.
  5146 | D:5      | Found a burning altar of Makhleb.
  5341 | D:5      | Reached XP level 9. HP: 32/69 MP: 4/9
  5617 | D:5      | Found an opulent altar of Gozag.
  6296 | D:5      | Found a shimmering altar of Xom.
  6432 | D:6      | Found a radiant altar of Vehumet.
  6447 | D:6      | Reached **** piety under Trog
  6447 | D:6      | Reached skill level 11 in Polearms
  6453 | D:6      | Found an ancient bone altar of Kikubaaqudgha.
  6465 | D:6      | Found a deep blue altar of Sif Muna.
  6731 | D:6      | Noticed Sigmund
  6742 | D:6      | Killed Sigmund
  6904 | D:6      | Found a stormy altar of Qazlal.
  7340 | D:7      | Found a staircase to the Ecumenical Temple.
  7457 | D:7      | Reached skill level 12 in Polearms
  7874 | D:8      | Reached skill level 5 in Armour
  8383 | D:7      | Reached XP level 10. HP: 71/79 MP: 7/10
  9060 | D:8      | Reached skill level 13 in Polearms
  9264 | D:8      | Reached ***** piety under Trog
 10292 | D:9      | Received a gift from Trog
 10590 | D:9      | Found a staircase to the Lair.
 10607 | D:9      | Found a basalt altar of Yredelemnul.
 10819 | D:9      | Found a white marble altar of Elyvilon.
 11039 | D:9      | Got a slimy amber ring
 11041 | D:9      | Identified the ring "Okutaqam" {SustAt rElec Dex+3} (You found it on level 9 of the Dungeon)
 11226 | D:9      | Reached skill level 14 in Polearms
 12039 | D:9      | Found a staircase to the Orcish Mines.
 12096 | D:10     | Entered Level 10 of the Dungeon
 12241 | D:10     | Found Votzef's Gadget Boutique.
 12285 | D:10     | Noticed a hill giant
 12294 | D:10     | Killed a hill giant
 12294 | D:10     | Reached XP level 11. HP: 44/87 MP: 4/11
 12520 | D:10     | Reached skill level 10 in Dodging
 13243 | D:10     | Reached skill level 15 in Polearms
 13408 | D:11     | Noticed a cyclops
 13408 | D:11     | Noticed a manticore
 13415 | D:11     | Killed a cyclops
 13426 | D:11     | Killed a manticore
 13788 | D:11     | Noticed Erolcha
 14207 | D:11     | Killed Erolcha
 14553 | D:11     | Noticed a cyclops
 14574 | D:11     | Killed a cyclops
 14877 | D:11     | Found a portal to a secret trove of treasure.
 15048 | D:11     | Killed an unseen horror
 15048 | D:11     | Reached skill level 16 in Polearms
 15218 | Lair:1   | Entered Level 1 of the Lair of Beasts
 15254 | Lair:1   | Found a deep blue altar of Sif Muna.
 15295 | Lair:1   | Reached XP level 12. HP: 89/97 MP: 12/12
 15339 | Lair:1   | Reached skill level 10 in Fighting
 16992 | Lair:2   | Noticed a death yak
 16993 | Lair:2   | Noticed a death yak
 17017 | Lair:2   | Killed a death yak
 17017 | Lair:2   | Reached skill level 17 in Polearms
 17937 | Lair:2   | Noticed a death yak
 17938 | Lair:2   | Noticed a death yak
 17940 | Lair:2   | Noticed a death yak
 17959 | Lair:2   | Killed a death yak
 17961 | Lair:2   | Killed a death yak
 17967 | Lair:2   | Killed a death yak
 17972 | Lair:2   | Killed a death yak
 18347 | Lair:3   | Got a bloodstained scale mail
 18358 | Lair:3   | Identified the +1 scale mail of the Lute {*Drain rElec rC+ Int+6} (You found it on level 3 of the Lair of Beasts)
 18598 | Lair:3   | Reached XP level 13. HP: 106/106 MP: 13/13
 18832 | Lair:3   | Reached skill level 18 in Polearms
 19851 | Lair:4   | Found a dark tunnel.
 20222 | Lair:4   | Received a gift from Trog
 20259 | Lair:4   | Found a staircase to the Shoals.
 21100 | Lair:4   | Found a hole to the Spider Nest.
 21644 | Lair:5   | Received a gift from Trog
 21644 | Lair:5   | Reached skill level 19 in Polearms
 21647 | Lair:5   | Got a slimy bardiche {god gift}
 21648 | Lair:5   | Identified the +1 bardiche of Trog's Supremacy {elec, rF++} (Trog gifted it to you on level 5 of the Lair of Beasts)
 23655 | Lair:7   | Reached XP level 14. HP: 115/115 MP: 14/14
 23808 | Lair:7   | Found a runed door.
 23812 | Lair:7   | Found a viscous altar of Jiyva.
 23812 | Lair:7   | Found a staircase to the Slime Pits.
 23812 | Lair:7   | Noticed an acid blob
 23812 | Lair:7   | Noticed an acid blob
 23813 | Lair:7   | Noticed an acid blob
 23956 | Lair:7   | Reached ****** piety under Trog
 25004 | Lair:8   | Entered Level 8 of the Lair of Beasts
 25017 | Lair:8   | Reached skill level 20 in Polearms
 25095 | Lair:8   | Found a dark tunnel.
 25107 | Volcano  | Entered a volcano
 26309 | Volcano  | Found a shattered altar of Ashenzari.
 27605 | Lair:8   | Got a scorched scale mail
 27616 | Lair:8   | Identified the cursed +1 scale mail "Suq Zam" {-Cast *Confuse +Inv rElec} (You found it on level 8 of the Lair of Beasts)
 27830 | Lair:8   | Found a runed door.
 28386 | Lair:8   | Reached skill level 15 in Dodging
 28602 | Lair:8   | Reached XP level 15. HP: 123/123 MP: 13/15
 28684 | Lair:8   | Received a gift from Trog
 28729 | Lair:8   | Reached skill level 21 in Polearms
 29359 | Lair:7   | Killed an acid blob
 29376 | Lair:7   | Killed an acid blob
 29380 | Lair:7   | HP: 3/124 [acid (6)]
 29384 | Lair:7   | Splashed by an acid blob's acid

Skill      XL: |  1  2  3  4  5  6  7  8  9 10 11 12 13 14 15 |
---------------+----------------------------------------------+-----
Dodging        | 3 4 5 7 8 9 11 12 13 15 | 15.3
Polearms       | 5 6 7 9 10 12 14 16 17 19 20 21 | 21.2
Armour         | 2 3 4 5 6 7 8 9 |  9.7
Fighting       | 4 5 6 7 8 9 11 12 13 | 13.2

Action                   |  1- 3 |  4- 6 |  7- 9 | 10-12 | 13-15 || total
-------------------------+-------+-------+-------+-------+-------++-------
Melee: Spear             |   160 |   197 |   549 |   891 |       ||  1797
       Trident           |       |       |       |   488 |  1632 ||  2120
       Bardiche          |       |       |       |       |     7 ||     7
Invok: Berserk           |     2 |     4 |     7 |     9 |    13 ||    35
       Trog's Hand       |       |     1 |     3 |     6 |     4 ||    14
       Brothers in Arms  |       |       |       |     6 |     8 ||    14
  Use: Scroll            |     3 |     5 |       |     7 |    10 ||    25
       Potion            |       |       |       |       |     4 ||     4
 Stab: Sleeping          |     2 |     2 |       |     4 |       ||     8
       Distracted        |       |       |       |     2 |       ||     2
  Eat: Chunk             |     5 |    10 |    23 |    39 |    45 ||   122
       Beef jerky        |       |       |       |     4 |     1 ||     5
       Pizza             |       |       |       |     1 |       ||     1
       Royal jelly       |       |       |       |       |     1 ||     1
Armor: Animal skin       |    26 |    12 |       |       |       ||    38
       Ring mail         |       |    28 |    78 |   215 |       ||   321
       Scale mail        |       |       |       |     3 |   345 ||   348
Dodge: Dodged            |    59 |    86 |   180 |   562 |   810 ||  1697
